 Dungeon Crawl Stone Soup version 0.28-a0-1389-gc726bef33b (webtiles) character file.

Game seed: 8303445093101928402

16 Decipherer the Skirmisher (level 2, -2/27 HPs)
             Began as a Minotaur Berserker on Jan 3, 2022.
             Was a Follower of Trog.
             Slain by a gnoll (4 damage)
             ... on level 1 of the Dungeon.
             The game lasted 00:00:58 (454 turns).

Decipherer the Skirmisher (Minotaur Berserker)       Turns: 454, Time: 00:00:59

Health: -2/27      AC:  3    Str: 23    XL:     2   Next: 37%
Magic:  1/1        EV: 12    Int:  2    God:    Trog [*.....]
Gold:   57         SH:  0    Dex:  9    Spells: 1/1 levels left

rFire   . . .      SeeInvis .   a - +0 mace
rCold   + . .      Faith    .   d - orb {light}
rNeg    . . .      Spirit   .   b - +0 animal skin
rPois   .          Reflect  .   (helmet restricted)
rElec   .          Harm     .   e - +0 cloak
rCorr   .          Rampage  .   (no gloves)
Will    .....                   (no boots)
Stlth   +.........              (no amulet)
HPRegen 0.09/turn               (no ring)
MPRegen 0.07/turn               (no ring)

@: brilliant, glowing
A: horns 2, retaliatory headbutt, cold resistance 1, dopey 1, strong 1
a: Renounce Religion, Berserk


You were on level 1 of the Dungeon.
You worshipped Trog.
Trog was aware of your devotion.
You visited 1 branch of the dungeon, and saw 2 of its levels.

You collected 57 gold pieces.

Inventory:

Hand Weapons
 a - a +0 mace (weapon)
Armour
 b - a +0 animal skin (worn)
 d - an orb of light (worn)
 e - a +0 cloak (worn)
Scrolls
 c - 2 scrolls of fog {unknown}


   Skills:
 + Level 4.1 Fighting
 + Level 4.0 Maces & Flails
 + Level 2.5 Armour
 + Level 2.3 Dodging


You had one spell level left.
You didn't know any spells.
Your spell library contained the following spells:

 Spells                   Type           Power      Damage    Failure   Level
 Blink                    Tloc           0%         N/A       69%         2
 Call Canine Familiar     Summ           0%         N/A       89%         3
 Lesser Beckoning         Tloc           0%         N/A       89%         3
 Portal Projectile        Hex/Tloc       0%         N/A       89%         3
 Leda's Liquefaction      Hex/Erth       0%         N/A       100%        4
 Manifold Assault         Tloc           0%         N/A       100%        5


Dungeon Overview and Level Annotations

Branches:
Dungeon (2/15)

Altars:


Innate Abilities, Weirdness & Mutations

You have a pair of horns on your head.
You reflexively headbutt those who attack you in melee.
Your flesh is cold resistant. (rC+)
You are dopey. (Int -2)
Your muscles are strong. (Str +2)


Message History

3 gnolls come into view.
The gnoll shouts!
Unknown command.
There are monsters nearby!
Found 13 stones.
Unknown command.
There are monsters nearby!
The gnoll hits you with a +0 club.
Unknown command.
There are monsters nearby!
You hit the gnoll.
The gnoll is moderately wounded.
The gnoll hits you from afar with a +0 spear!
The gnoll hits you from afar with a +0 spear. x2
* * * LOW HITPOINT WARNING * * *
Unknown command.
There are monsters nearby!
You are too injured to fight recklessly!
Unknown command.
There are monsters nearby!
You are too injured to fight recklessly!
Unknown command.
The gnoll hits you with a +0 club.
* * * LOW HITPOINT WARNING * * *
The gnoll throws a throwing net.
The throwing net misses you.
You see here a throwing net.
There is a stone staircase leading up here.
The gnoll hits you from afar with a +0 spear.
* * * LOW HITPOINT WARNING * * *
The gnoll misses you.
You climb upwards.
There is a stone staircase leading down here.
It was a potion of mutation.
You feel extremely strange.
You feel stupid.
You feel stronger.
You feel resistant to cold. The gnoll hits you with a +0 club.
* * * LOW HITPOINT WARNING * * *
It was a potion of brilliance.
You feel clever all of a sudden. The gnoll hits you with a +0 club.
You die...

###≈≈≈###########
#.'≈≈≈+.........#
#.#≈≈≈#########.#
#.##+##########..
#..#............#
##.###.########.#
#..##.# #.#
###...#.# #.#
#@g.....########.#
#.#...#..........#
#.##.##.##########
#.##.##.#
#.##.##.#
#.##.##.# #
#.##.##.# ##
#.##.##.## ####.
#.##.#...#####....


You could see a gnoll.

Vanquished Creatures
  2 bats (D:1)
  4 endoplasms
  3 hobgoblins (D:1)
  A ball python (D:1)
  A frilled lizard (D:2)
  A goblin (D:1)
  3 rats
15 creatures vanquished.

Notes
Turn   | Place    | Note
-------+----------+-------------------------------------------
     0 | D:1      | Decipherer the Minotaur Berserker began the quest for the
                  | Orb.
     0 | D:1      | Reached XP level 1. HP: 19/19 MP: 0/0
   275 | D:1      | Reached XP level 2. HP: 27/27 MP: 1/1
   285 | D:1      | You fall into a shaft and drop 1 floor!
   453 | D:1      | Gained mutation: You are dopey. (Int -2) [potion of
                  | mutation]
   453 | D:1      | Gained mutation: Your muscles are strong. (Str +2) [potion
                  | of mutation]
   453 | D:1      | Gained mutation: Your flesh is cold resistant. (rC+)
                  | [potion of mutation]
   453 | D:1      | HP: 1/27 [gnoll (2)]
   454 | D:1      | Slain by a gnoll

Illustrated notes

Levels and vault maps discovered:
D:1:      dpeg_arrival_rhombi, layout_loops_ring, minmay_liquid_box,
          wad_floor_pattern_1
D:2:      layout_basic, uniq_terence

Skill      XL: |  1  2 |
---------------+-------+-----
Fighting       | 4 |  4.1
Maces & Flails | 4 |  4.0
Armour         | |  2.5
Dodging        | |  2.3

Action                   || total
-------------------------++-------
Melee: Mace              ||    21
       Headbutt          ||     1
Invok: Berserk           ||     1
  Use: Potion            ||     2
Armor: Animal skin       ||     8
Dodge: Dodged            ||    15

Table legend: (Time is in decaauts)
 A = Elapsed time spent in this place.
 B = Non-inter-level travel time spent in this place.
 C = Inter-level travel time spent in this place.
 D = Time resting spent in this place.
 E = Time spent auto-exploring this place.
 F = Levels seen in this place.
 G = Mean time per level.
                   A        B        C        D        E       F      G
               +--------+--------+--------+--------+--------+-----+--------+
         Total |    464 |    464 |      0 |      0 |    349 |   2 |  232.0 |
       Dungeon |    464 |    464 |      0 |      0 |    349 |   2 |  232.0 |
               +--------+--------+--------+--------+--------+-----+--------+

Top non-repeatable levels by time:
     D:1: 286 daAuts
     D:2: 178 daAuts
